Map: Year Zero LE

Players

Lambo - Winner!

  • Race: Zerg Zerg
  • League: Master
  • Spawn Location: 1:00

llllllllllll

  • Race: Protoss Protoss
  • League: Master
  • Spawn Location: 11:00

VOD

Have the link to the VOD?

Description

Time

  • Played on: Jan. 25, 2019, 12:12 p.m.
  • Length: 9:40
Show
View Real Time Build Order
Export as new Build Order

Lambo Zerg - Winner!

Build Orders: Hatch First 

Get SALT Encoding   

  12  0:00  Drone  
  13  0:13  Overlord  
  13  0:18  Drone  
  14  0:32  Drone x2  
  16  0:49  Hatchery  
  15  0:54  Drone  
  16  0:58  Drone  
  16  1:01  Drone  
  18  1:12  Extractor  
  18  1:16  Spawning Pool  
  16  1:19  Drone  
  16  1:22  Drone  
  18  1:29  Drone  
  19  1:39  Drone  
  20  1:52  Overlord  
  20  2:02  Queen  
  20  2:03  Queen  
  20  2:04  Zergling x4  
  26  2:12  Drone x2  
  28  2:16  Metabolic Boost  
  28  2:24  Drone  
  28  2:25  Drone  
  30  2:33  Drone  
  31  2:40  Hatchery  
  30  2:45  Drone  
  30  2:47  Drone  
  32  2:54  Drone  
  32  2:55  Overlord  
  33  2:58  Queen  
  33  3:02  Drone  
  36  3:14  Drone x2  
  36  3:15  Drone x2  
  36  3:16  Overlord  
  36  3:18  Drone  
  41  3:21  Drone  
  41  3:23  Drone x2  
  44  3:27  Overlord  
  44  3:35  Drone x2  
  44  3:39  Roach Warren  
  45  3:41  Lair  
  45  3:45  Extractor, Drone  
  45  3:47  Extractor, Drone  
  46  3:48  Drone  
  46  3:52  Drone  
  47  3:58  Drone x3  
  50  4:05  Drone x2  
  50  4:08  Drone  
  50  4:09  Drone x2  
  55  4:11  Overlord  
  55  4:28  Roach x5  
  65  4:32  Overlord  
  65  4:35  Roach x3  
  70  4:38  Overlord  
  70  4:40  Overlord  
  70  4:43  Roach  
  70  4:45  Glial Reconstitution  
  72  4:49  Overseer  
  72  4:53  Roach x2  
  72  4:59  Drone x2  
  79  5:00  Drone x2  
  79  5:01  Drone  
  79  5:04  Drone x2  
  79  5:06  Drone  
  84  5:09  Drone x2  
  84  5:11  Overlord  
  84  5:12  Drone x2  
  88  5:15  Drone  
  88  5:17  Evolution Chamber  
  88  5:19  Drone x4  
  92  5:26  Overseer  
  92  5:28  Overlord  
  92  5:29  Extractor, Roach x3  
  92  5:31  Extractor  
  96  5:36  Roach x2  
  96  5:41  Roach x3  
  106  5:47  Zerg Missile Weapons Level 1  
  106  5:49  Overlord  
  106  5:50  Zergling x4  
  106  5:51  Zergling x6  
  110  6:01  Overseer  
  110  6:03  Tunneling Claws  
  110  6:04  Drone x4  
  110  6:06  Queen  
  111  6:14  Drone  
  111  6:16  Roach x5  
  111  6:17  Nydus Network  
  111  6:18  Overseer  
  121  6:27  Overlord  
  121  6:30  Overlord x2  
  121  6:33  Overlord  
  121  6:36  Overlord  
  121  6:39  Overlord  
  121  6:40  Burrow  
  121  6:42  Overlord  
  121  6:44  Overlord  
  121  6:49  Roach x6  
  133  6:56  Roach x3  
  133  6:57  Roach  
  141  7:05  Roach x4  
  141  7:06  Roach  
  150  7:11  Roach x3  
  156  7:26  Nydus Canal  
  156  7:27  Roach x8  
  172  7:34  Nydus Network, Roach x2  
  175  7:39  Roach x2  
  175  7:40  Roach  
  175  7:41  Roach x7  
  179  7:47  Roach x3  
  179  7:48  Nydus Canal  
  179  7:49  Roach  
  171  7:52  Overlord  
  171  7:53  Roach  
  163  8:00  Roach x2  
  163  8:01  Roach x4  
  163  8:02  Nydus Canal  
  163  8:03  Overseer, Roach x25  
  165  8:06  Roach  
  165  8:08  Roach x3  
  165  8:09  Roach x4  
  165  8:10  Roach  
  165  8:11  Drone  
  171  8:15  Roach x3  
  169  8:21  Roach x3  
  169  8:26  Roach x17  
  169  8:27  Roach x3  
  169  8:30  Overseer  
  165  8:36  Roach x2  
  165  8:37  Roach  
  165  8:38  Roach x8  
  165  8:42  Roach x3  
  150  8:51  Roach x2  
  150  8:55  Extractor, Roach  
  141  8:56  Roach x2  
  133  9:04  Roach x3  
  129  9:14  Roach x3  
  133  9:17  Nydus Canal  
  133  9:19  Nydus Canal  
Show
View Real Time Build Order
Export as new Build Order

llllllllllll Protoss 

Build Orders: 1 Gate Expand, Chargelot Immortal 

Get SALT Encoding   

  12  0:01  Probe  
  13  0:14  Probe  
  14  0:21  Pylon  
  14  0:26  Probe  
  15  0:36  Probe  
  16  0:44  Gateway, Probe  
  17  0:53  Probe  
  17  0:54  Assimilator  
  18  1:05  Probe  
  19  1:17  Probe  
  20  1:25  Nexus  
  20  1:35  Cybernetics Core  
  20  1:40  Probe  
  20  1:45  Assimilator  
  21  1:50  Pylon  
  21  1:54  Probe  
  22  2:01  Adept  
  22  2:06  Probe  
  25  2:15  Warp Gate  
  25  2:18  Probe  
  26  2:30  Probe  
  26  2:31  Stalker  
  29  2:39  Probe x2  
  31  2:47  Probe, Twilight Council  
  31  2:49  Probe  
  32  2:56  Probe  
  32  2:57  Probe  
  33  2:59  Robotics Facility  
  35  3:08  Charge, Probe x2  
  35  3:12  Gateway  
  37  3:20  Probe  
  37  3:21  Probe  
  39  3:33  Probe  
  40  3:37  Gateway x2  
  40  3:38  Probe  
  40  3:39  Warp Prism  
  41  3:45  Probe  
  41  3:46  Pylon  
  42  3:50  Probe  
  45  3:58  Probe  
  45  3:59  Assimilator  
  45  4:00  Assimilator  
  46  4:04  Probe  
  46  4:08  Pylon  
  47  4:14  Probe  
  47  4:15  Dark Shrine  
  48  4:17  Probe  
  49  4:26  Probe  
  49  4:29  Probe  
  51  4:32  Pylon  
  51  4:33  Zealot x3  
  51  4:35  Zealot  
  59  4:46  Probe  
  59  4:52  Nexus  
  60  4:53  Pylon  
  60  4:57  Immortal  
  60  4:58  Probe x2  
  66  5:12  Pylon  
  66  5:14  Sentry  
  66  5:16  Probe  
  66  5:17  Probe  
  70  5:25  Immortal  
  70  5:28  Dark Templar x3  
  76  5:30  Blink  
  76  5:34  Probe  
  81  5:48  Probe  
  82  5:54  Immortal  
  82  6:00  Sentry x2  
  82  6:03  Forge  
  86  6:23  Stalker x2, Sentry  
  86  6:24  Stalker  
  94  6:28  Gateway  
  94  6:29  Gateway  
  94  6:31  Gateway  
  92  6:36  Immortal  
  92  6:39  Probe, Protoss Ground Weapons Level 1  
  93  6:42  Probe x2  
  99  6:47  Gateway  
  99  6:52  Sentry  
  101  6:57  Pylon x2  
  101  7:04  Pylon  
  99  7:13  Stalker  
  101  7:17  Stalker x3  
  101  7:19  Pylon  
  101  7:21  Pylon  
  107  7:23  Dark Templar  
  107  7:26  Dark Templar  
  107  7:27  Zealot  
  103  7:39  Stalker x3  
  109  7:48  Stalker x3  
  108  7:58  Observer  
  108  8:00  Stalker  
  108  8:01  Stalker, Zealot x2  
  115  8:06  Photon Cannon  
  115  8:08  Dark Templar  
  100  8:20  Zealot x3  
  100  8:23  Dark Templar  
  74  8:50  Zealot x2  
  70  9:03  Pylon  
  70  9:09  Pylon  
  65  9:13  Sentry  
  67  9:21  Stalker  
  67  9:23  Photon Cannon  
  66  9:29  Zealot x3  
Tags
 
Add a new tag
Caveats
  • Supply blocks, unpowered buildings, or Contaminate may cause inaccurate times.
  • Supply counts are checked every 10 seconds.